TOP OF THE 1ST |
University of Virginia Cavaliers batting - Pitching for University of Maine Black Bears : RHP Tommy Meade
|
Pitching: RHP Tommy Meade
|
|
Batting: SHB Ethan Lewis
|
0-0: Ball 1-0: Ball 2-0: Ball 3-0: Foul Ball, location: 2F 3-1: Base on Balls
|
Batting: RHB Jose Velez
|
0-0: Called Strike 0-1: Fielders Choice at 2nd, 5-4 (Groundball, 56S, EV 87.5 MPH)
|
Batting: RHB Pedro Lopez
|
0-0: Called Strike Jose Velez steals 2nd base 0-1: Foul Ball, location: 2F 0-2: Foul Ball, location: 2F 0-2: Strikes out looking
|
Batting: LHB Alex Aguilar
|
0-0: Called Strike 0-1: Ground out 4-3 (Groundball, 4, EV 108.1 MPH)
|
Top of the 1st over - 0 runs, 0 hits, 0 errors, 1 left on base; University of Virginia 0 - University of Maine 0 |
BOTTOM OF THE 1ST |
University of Maine Black Bears batting - Pitching for University of Virginia Cavaliers : LHP Bill Cenci
|
Pitching: LHP Bill Cenci
|
|
Batting: RHB Justin Degon
|
0-0: Ball 1-0: SINGLE (Groundball, 56S, EV 67.5 MPH) (infield hit)
|
Batting: SHB Ron Handford
|
0-0: Called Strike Justin Degon steals 2nd base 0-1: Ball 1-1: Foul Ball, location: 2F 1-2: Foul Ball, location: 2F 1-2: Foul Ball, location: 2F 1-2: Ball 2-2: Strikes out looking
|
Batting: RHB Rewa Havika
|
0-0: Called Strike 0-1: Ball 1-1: Ball 2-1: 2-RUN HOME RUN (Flyball, 7D, EV 107.5 MPH), Distance : 397 ft
|
Batting: RHB Geoffrey Gonzalez
|
0-0: Ball 1-0: Foul Ball, location: 2F 1-1: Ground out 2-3 (Groundball, 2L, EV 76.2 MPH)
|
Batting: LHB Ed Leighton
|
0-0: Called Strike 0-1: Swinging Strike 0-2: Strikes out swinging
|
Bottom of the 1st over - 2 runs, 2 hits, 0 errors, 0 left on base; University of Virginia 0 - University of Maine 2 |
TOP OF THE 2ND |
University of Virginia Cavaliers batting - Pitching for University of Maine Black Bears : RHP Tommy Meade
|
Batting: RHB Jason Lambert
|
0-0: Called Strike 0-1: Ball 1-1: Foul Ball, location: 2F 1-2: Ball 2-2: Strikes out swinging
|
Batting: RHB Rob Coble
|
0-0: Called Strike 0-1: Bunted foul 0-2: Ball 1-2: Ball 2-2: Fly out, F3 (Popup, 34, EV 33.8 MPH)
|
Batting: RHB Allen McCaskill
|
0-0: Foul Ball, location: 2F 0-1: Swinging Strike 0-2: Ball 1-2: Strikes out looking
|
Top of the 2nd over - 0 runs, 0 hits, 0 errors, 0 left on base; University of Virginia 0 - University of Maine 2 |
BOTTOM OF THE 2ND |
University of Maine Black Bears batting - Pitching for University of Virginia Cavaliers : LHP Bill Cenci
|
Batting: RHB Frank Gould
|
0-0: Ball 1-0: Ball 2-0: Swinging Strike 2-1: Foul Ball, location: 2F 2-2: Strikes out looking
|
Batting: LHB John Knox
|
0-0: Swinging Strike 0-1: Ball 1-1: Ball 2-1: Ground out 6-3 (Groundball, 6, EV 91.2 MPH)
|
Batting: RHB Wang Huan
|
0-0: Ball 1-0: Ball 2-0: SINGLE (Flyball, 78S, EV 97.5 MPH)
|
Batting: LHB John Bergeron
|
0-0: Ball 1-0: Ball 2-0: Ball 3-0: Called Strike 3-1: Called Strike 3-2: Foul Ball, location: 2F 3-2: Base on Balls Wang Huan to second
|
Batting: RHB Justin Degon
|
0-0: Ball 1-0: Ball 2-0: Ball 3-0: Called Strike 3-1: Foul Ball, location: 2F 3-2: Foul Ball, location: 2F 3-2: SINGLE (Groundball, 4D, EV 94.4 MPH) Wang Huan to third John Bergeron to second Wang Huan scores John Bergeron to third
|
Batting: SHB Ron Handford
|
0-0: Ball Justin Degon is caught stealing 2nd base 2-4
|
Bottom of the 2nd over - 1 run, 2 hits, 0 errors, 1 left on base; University of Virginia 0 - University of Maine 3 |
TOP OF THE 3RD |
University of Virginia Cavaliers batting - Pitching for University of Maine Black Bears : RHP Tommy Meade
|
Batting: RHB Jason Thresher
|
0-0: Ball 1-0: Ball 2-0: Called Strike 2-1: Ball 3-1: Foul Ball, location: 2F 3-2: Ground out 6-3 (Groundball, 6, EV 85.6 MPH)
|
Batting: RHB Sean Carswell
|
0-0: Foul Ball, location: 2F 0-1: Ball 1-1: Fly out, F4 (Line Drive, 4, EV 71.9 MPH)
|
Batting: SHB Ethan Lewis
|
0-0: Foul Ball, location: 2F 0-1: Swinging Strike 0-2: Foul Ball, location: 2F 0-2: Ball 1-2: Ball 2-2: Strikes out looking
|
Top of the 3rd over - 0 runs, 0 hits, 0 errors, 0 left on base; University of Virginia 0 - University of Maine 3 |
BOTTOM OF THE 3RD |
University of Maine Black Bears batting - Pitching for University of Virginia Cavaliers : LHP Bill Cenci
|
Batting: SHB Ron Handford
|
0-0: Ball 1-0: Ball 2-0: Ball 3-0: Called Strike 3-1: Base on Balls
|
Batting: RHB Rewa Havika
|
0-0: Called Strike 0-1: Fielders Choice at 2nd, 6-4 (Groundball, 6, EV 99.4 MPH)
|
Batting: RHB Geoffrey Gonzalez
|
0-0: Called Strike 0-1: Foul Ball, location: 2F 0-2: Strikes out swinging
|
Batting: LHB Ed Leighton
|
0-0: Foul Ball, location: 2F Pickoff Throw to First - Out! 1-3
|
Bottom of the 3rd over - 0 runs, 0 hits, 0 errors, 0 left on base; University of Virginia 0 - University of Maine 3 |
TOP OF THE 4TH |
University of Virginia Cavaliers batting - Pitching for University of Maine Black Bears : RHP Tommy Meade
|
Batting: RHB Jose Velez
|
0-0: Fly out, F3 (Popup, 3F, EV 80.0 MPH)
|
Batting: RHB Pedro Lopez
|
0-0: Fly out, F7 (Flyball, 7, EV 95.0 MPH)
|
Batting: LHB Alex Aguilar
|
0-0: Foul Ball, location: 2F 0-1: Ball 1-1: Ground out U3 (Groundball, 3, EV 103.1 MPH)
|
Top of the 4th over - 0 runs, 0 hits, 0 errors, 0 left on base; University of Virginia 0 - University of Maine 3 |
BOTTOM OF THE 4TH |
University of Maine Black Bears batting - Pitching for University of Virginia Cavaliers : LHP Bill Cenci
|
Batting: LHB Ed Leighton
|
0-0: Fly out, F9 (Flyball, 9LS, EV 91.2 MPH)
|
Batting: RHB Frank Gould
|
0-0: Foul Ball, location: 2F 0-1: Called Strike 0-2: Foul Ball, location: 2F 0-2: Ball 1-2: Strikes out swinging
|
Batting: LHB John Knox
|
0-0: Swinging Strike 0-1: Ball 1-1: Ball 2-1: Called Strike 2-2: Ball 3-2: Strikes out swinging
|
Bottom of the 4th over - 0 runs, 0 hits, 0 errors, 0 left on base; University of Virginia 0 - University of Maine 3 |
TOP OF THE 5TH |
University of Virginia Cavaliers batting - Pitching for University of Maine Black Bears : RHP Tommy Meade
|
Batting: RHB Jason Lambert
|
0-0: Foul Ball, location: 2F 0-1: Foul Ball, location: 2F 0-2: Ball 1-2: Ball 2-2: Ball 3-2: Ground out U3 (Groundball, 3S, EV 70.0 MPH)
|
Batting: RHB Rob Coble
|
0-0: Foul Ball, location: 2F 0-1: Ball 1-1: Called Strike 1-2: Foul Ball, location: 2F 1-2: Foul Ball, location: 2F 1-2: Ball 2-2: Ball 3-2: Foul Ball, location: 2F 3-2: TRIPLE (Flyball, 89XD, EV 108.1 MPH)
|
Batting: RHB Allen McCaskill
|
0-0: Foul Ball, location: 2F 0-1: Foul Ball, location: 2F 0-2: Ball 1-2: Ground out 3-1 (Groundball, 34, EV 87.5 MPH) Rob Coble scores
|
Batting: RHB Jason Thresher
|
0-0: Called Strike 0-1: Foul Ball, location: 2F 0-2: Ball 1-2: Ground out 6-3 (Groundball, 6D, EV 84.4 MPH)
|
Top of the 5th over - 1 run, 1 hit, 0 errors, 0 left on base; University of Virginia 1 - University of Maine 3 |
BOTTOM OF THE 5TH |
University of Maine Black Bears batting - Pitching for University of Virginia Cavaliers : LHP Bill Cenci
|
Batting: RHB Wang Huan
|
0-0: Called Strike 0-1: Bunt missed! 0-2: Ball 1-2: Ground out 3-1 (Groundball, 34S, EV 76.2 MPH)
|
Batting: LHB John Bergeron
|
0-0: Ball 1-0: Ball 2-0: Called Strike 2-1: Foul Ball, location: 2F 2-2: Fly out, F7 (Flyball, 78S, EV 90.0 MPH)
|
Batting: RHB Justin Degon
|
0-0: Ball 1-0: Ball 2-0: Ground out U3 (Groundball, 3, EV 82.5 MPH)
|
Bottom of the 5th over - 0 runs, 0 hits, 0 errors, 0 left on base; University of Virginia 1 - University of Maine 3 |
TOP OF THE 6TH |
University of Virginia Cavaliers batting - Pitching for University of Maine Black Bears : RHP Tommy Meade
|
Batting: RHB Sean Carswell
|
0-0: Ball 1-0: Foul Ball, location: 2F 1-1: Ball 2-1: Foul Ball, location: 2F 2-2: Fly out, F9 (Flyball, 9D, EV 100.6 MPH)
|
Pitching: RHP Tom Neft
|
|
Batting: SHB Ethan Lewis
|
0-0: Swinging Strike 0-1: Swinging Strike 0-2: Ball 1-2: Ball 2-2: Foul Ball, location: 2F 2-2: Ball 3-2: Strikes out swinging
|
Batting: RHB Jose Velez
|
0-0: Ball 1-0: Ground out U3 (Groundball, 34S, EV 90.0 MPH)
|
Top of the 6th over - 0 runs, 0 hits, 0 errors, 0 left on base; University of Virginia 1 - University of Maine 3 |
BOTTOM OF THE 6TH |
University of Maine Black Bears batting - Pitching for University of Virginia Cavaliers : LHP Bill Cenci
|
Batting: SHB Ron Handford
|
0-0: Ball 1-0: Foul Ball, location: 2F 1-1: Fly out, F8 (Flyball, 8RS, EV 94.4 MPH)
|
Batting: RHB Rewa Havika
|
0-0: Ball 1-0: Fly out, F8 (Flyball, 8LD, EV 96.9 MPH)
|
Batting: RHB Geoffrey Gonzalez
|
0-0: Fly out, F3 (Popup, 3SF, EV 82.5 MPH)
|
Bottom of the 6th over - 0 runs, 0 hits, 0 errors, 0 left on base; University of Virginia 1 - University of Maine 3 |
TOP OF THE 7TH |
University of Virginia Cavaliers batting - Pitching for University of Maine Black Bears : RHP Tom Neft
|
Batting: RHB Pedro Lopez
|
0-0: Ball 1-0: Ground out 5-3 (Groundball, 56D, EV 100.0 MPH)
|
Batting: LHB Alex Aguilar
|
0-0: Called Strike 0-1: Ball 1-1: Ball 2-1: Ball 3-1: Base on Balls
|
Batting: RHB Jason Lambert
|
0-0: Ball 1-0: Ball 2-0: Swinging Strike 2-1: Foul Ball, location: 2F 2-2: Foul Ball, location: 2F 2-2: Strikes out swinging
|
Batting: RHB Rob Coble
|
0-0: Called Strike 0-1: Ball 1-1: Ball 2-1: Foul Ball, location: 2F 2-2: Strikes out swinging
|
Top of the 7th over - 0 runs, 0 hits, 0 errors, 1 left on base; University of Virginia 1 - University of Maine 3 |
BOTTOM OF THE 7TH |
University of Maine Black Bears batting - Pitching for University of Virginia Cavaliers : LHP Bill Cenci
|
Batting: LHB Ed Leighton
|
0-0: Called Strike 0-1: Swinging Strike 0-2: Strikes out swinging
|
Batting: RHB Frank Gould
|
0-0: Ground out U3 (Groundball, 3S, EV 62.5 MPH)
|
Batting: LHB John Knox
|
0-0: Called Strike 0-1: Foul Ball, location: 2F 0-2: Strikes out swinging
|
Bottom of the 7th over - 0 runs, 0 hits, 0 errors, 0 left on base; University of Virginia 1 - University of Maine 3 |
TOP OF THE 8TH |
University of Virginia Cavaliers batting - Pitching for University of Maine Black Bears : RHP Tom Neft
|
Pitching: RHP Shizue Morimoto
|
|
Now at 1B: Bryan Douglas
|
|
Pinch Hitting: LHB Ray Nichter
|
0-0: Called Strike 0-1: Called Strike 0-2: Ball 1-2: Fly out, F7 (Flyball, 7, EV 91.2 MPH)
|
Batting: RHB Jason Thresher
|
0-0: Foul Ball, location: 2F 0-1: Called Strike 0-2: Strikes out swinging
|
Batting: RHB Sean Carswell
|
0-0: Called Strike 0-1: Ball 1-1: Foul Ball, location: 2F 1-2: DOUBLE (Line Drive, 9LS, EV 95.0 MPH)
|
Batting: SHB Ethan Lewis
|
0-0: Ball 1-0: Ball 2-0: Called Strike 2-1: Called Strike 2-2: Strikes out swinging
|
Top of the 8th over - 0 runs, 1 hit, 0 errors, 1 left on base; University of Virginia 1 - University of Maine 3 |
BOTTOM OF THE 8TH |
University of Maine Black Bears batting - Pitching for University of Virginia Cavaliers : LHP Bill Cenci
|
Now at 3B: Ray Nichter
|
|
Batting: RHB Wang Huan
|
0-0: Ball 1-0: Ball 2-0: Ball 3-0: Base on Balls
|
Batting: LHB John Bergeron
|
0-0: Called Strike 0-1: Called Strike 0-2: Foul Ball, location: 2F 0-2: Ball 1-2: Foul Ball, location: 2F 1-2: Strikes out swinging
|
Pitching: RHP Andy Cruz
|
|
Batting: RHB Justin Degon
|
0-0: Called Strike Wang Huan steals 2nd, throwing error, E2 Wang Huan to third 0-1: SINGLE (Groundball, 34, EV 97.5 MPH) Wang Huan scores
|
Batting: SHB Ron Handford
|
0-0: Ball 1-0: Ball Justin Degon steals 2nd base 2-0: Called Strike 2-1: Ball 3-1: Foul Ball, location: 2F 3-2: Ground out U3 (Groundball, 34, EV 106.2 MPH) Justin Degon to third
|
Batting: RHB Rewa Havika
|
0-0: Ball 1-0: Ground out 6-3 (Groundball, 6S, EV 87.5 MPH)
|
Bottom of the 8th over - 1 run, 1 hit, 1 error, 1 left on base; University of Virginia 1 - University of Maine 4 |
TOP OF THE 9TH |
University of Virginia Cavaliers batting - Pitching for University of Maine Black Bears : RHP Shizue Morimoto
|
Pitching: LHP Al Sisneros
|
|
Batting: RHB Jose Velez
|
0-0: Foul Ball, location: 2F 0-1: Fly out, F8 (Flyball, 8LM, EV 86.9 MPH)
|
Batting: RHB Pedro Lopez
|
0-0: Called Strike 0-1: Fly out, F8 (Line Drive, 8LM, EV 91.2 MPH)
|
Batting: LHB Alex Aguilar
|
0-0: Ball 1-0: Called Strike 1-1: Ball 2-1: Called Strike 2-2: Strikes out swinging
|
Top of the 9th over - 0 runs, 0 hits, 0 errors, 0 left on base; University of Virginia 1 - University of Maine 4 |
|